 Dungeon Crawl Stone Soup version 0.28.0-53-g5a82cb258f (webtiles) character file.

Game seed: 12370395975692143574

213 mortz the Conjurer (level 5, -10/38 HPs)
             Began as a Demigod Conjurer on July 4, 2022.
             Mangled by an ogre
             ... wielding a +0 giant club
              (23 damage)
             ... on level 4 of the Dungeon.
             The game lasted 00:17:04 (3525 turns).

mortz the Conjurer (Demigod Conjurer)               Turns: 3525, Time: 00:17:04

Health: -10/38     AC:  3    Str:  8    XL:     5   Next: 32%
Magic:  9/12       EV: 11    Int: 24    God:
Gold:   136        SH:  0    Dex: 12    Spells: 6/9 levels left

rFire   . . .      SeeInvis .   c - +0 hand axe
rCold   . . .      Faith    .   (no shield)
rNeg    . . .      Spirit   .   m - +0 leather armour
rPois   .          Reflect  .   (no helmet)
rElec   .          Harm     .   (no cloak)
rCorr   .          Rampage  .   (no gloves)
Will    .....                   (no boots)
Stlth   ++........              (no amulet)
HPRegen 0.12/turn               (no ring)
MPRegen 0.13/turn               (no ring)

@: no status effects
A: high MP 1, forlorn, divine attributes
a: no special abilities


You were on level 4 of the Dungeon.
You visited 1 branch of the dungeon, and saw 4 of its levels.

You collected 136 gold pieces.

Inventory:

Hand Weapons
 b - a +0 dagger
 c - a +0 hand axe (weapon)
 j - a +0 halberd
Missiles
 h - 3 boomerangs
 i - a throwing net
Armour
 a - a +0 robe
 m - a +0 leather armour (worn)
Wands
 l - a wand of iceblast (9)
Scrolls
 d - a scroll of enchant weapon {unknown}
 g - a scroll of amnesia {unknown}
 n - a scroll of noise {unknown}
 o - a scroll of enchant armour {unknown}
 r - a scroll of identify
Potions
 e - 2 potions of berserk rage
 f - 3 potions of curing
 k - a potion of heal wounds
 p - a potion of haste {unknown}
 q - a potion of mutation {unknown}


   Skills:
 + Level 0.3 Armour
 + Level 2.0 Dodging
 + Level 2.1 Stealth
 + Level 2.8 Spellcasting
 + Level 5.3 Conjurations
 * Level 1.1 Translocations


You had 6 spell levels left.
You knew the following spells:

 Your Spells              Type           Power      Damage    Failure   Level
a - Magic Dart            Conj           100%       1d8       1%          1
b - Searing Ray           Conj           58%        2d6       2%          2

Your spell library contained the following spells:

 Spells                   Type           Power      Damage    Failure   Level
 Dazzling Flash           Conj/Hex       32%        N/A       16%         3
 Mephitic Cloud           Conj/Pois/Air  11%        N/A       22%         3
 Iskenderun's Mystic Bla  Conj/Tloc      18%        2d6       38%         4
 Ignite Poison            Fire/Tmut/Pois 3%         N/A       43%         3
 Fulminant Prism          Conj/Hex       8%         3d7       45%         4
 Freezing Cloud           Conj/Ice/Air   5%         6-21      91%         5


Dungeon Overview and Level Annotations

Branches:
Dungeon (4/15)
 Temple: D:4-7

Shops:
D:2 (


Innate Abilities, Weirdness & Mutations

You have an increased reservoir of magic. (+10% MP)
You shall have no god before yourself.
Your divine heritage dramatically boosts your attributes as you level up.


Message History

The ball python hisses angrily.
Things that are here:
a +0 scale mail; a +0 whip; an orc corpse
There is a stone staircase leading up here.
Casting: Searing Ray (safe; 2% risk of failure)
Confirm with . or Enter, or press ? or * to list all spells.
You can't see any susceptible monsters within range! (Use Z to cast anyway.) Unknown command.
Aiming: Magic Dart (safe; 1% risk of failure)
Press: ? - help, Q - select action, (/) - cycle Shift-Dir - straight line, f - ball python
Aim: a ball python (100% to hit)
The magic dart hits the ball python.
You kill the ball python!
You climb upwards.
There is a stone staircase leading down here.
You start resting.
Magic restored.
You climb downwards.
You hear the hiss of flowing sand.
There is an entrance to an ossuary on this level.
Hurry and find it before the portal is buried!
There is a stone staircase leading up here.
A kobold comes into view. It is wielding a +0 short sword.
Found 16 stones.
You hear the slow hiss of an avalanche of sand nearby.
The kobold moves out of view.
Casting: Magic Dart (safe; 1% risk of failure)
Confirm with . or Enter, or press ? or * to list all spells.
Aiming: Searing Ray (safe; 2% risk of failure)
Press: ? - help, Shift-Dir - straight line, f - ogre
Aim: an ogre, wielding a +0 giant club (90% to hit)
The searing ray hits the ogre!
The ogre is heavily wounded. (Press . to maintain the ray.)
The ogre hits you with a +0 giant club!!
Ouch! That really hurt!
The searing ray hits the ogre.
The ogre is severely wounded.
The ogre hits you with a +0 giant club!!
Ouch! That really hurt!
You die...

(.......#.#...##..#
........#.#.###...#
.......<[)#[##....#
.......†...))..#..#
####......##......#
#.##.......###.#
...#..........#
......#......#O#
##............#@#
.............#.<..#
..##.............K...
## ###.....).........
#...............
................
##...............
##..#....(....


You could see an ogre and a kobold.

Vanquished Creatures
  A hound (D:4)
  An orc priest (D:4)
  An iguana (D:3)
  A gnoll (D:2)
  5 adders
  A worm (D:2)
  2 dart slugs
  5 orcs (D:4)
  4 ball pythons
  4 endoplasms
  5 giant cockroaches
  6 goblins
  4 hobgoblins
  3 jackals (D:1)
  3 kobolds
  3 quokkas
  6 bats
  A frilled lizard (D:2)
  5 rats
61 creatures vanquished.

Vanquished Creatures (others)
  5 toadstools (D:1)
5 creatures vanquished.

Grand Total: 66 creatures vanquished

Notes
Turn   | Place    | Note
-------+----------+-------------------------------------------
     0 | D:1      | mortz the Demigod Conjurer began the quest for the Orb.
     0 | D:1      | Reached XP level 1. HP: 14/14 MP: 5/5
   305 | D:1      | Reached skill level 4 in Conjurations
   339 | D:1      | Reached XP level 2. HP: 10/20 MP: 0/7
   651 | D:1      | Learned a level 2 spell: Searing Ray
  1296 | D:2      | Reached XP level 3. HP: 26/26 MP: 1/8
  1787 | D:2      | Found Ituatai's Weapon Shoppe.
  2112 | D:2      | Reached XP level 4. HP: 29/33 MP: 7/10
  2564 | D:3      | Reached skill level 5 in Conjurations
  3393 | D:4      | Reached skill level 1 in Translocations
  3393 | D:4      | Reached XP level 5. HP: 28/38 MP: 6/11
  3482 | D:4      | Noticed an ogre
  3525 | D:4      | Mangled by an ogre

Illustrated notes

Levels and vault maps discovered:
D:1:      minmay_arrival_checkered_box, layout_loops_cross,
          minmay_gold_behind_fungi
D:2:      layout_loops_corners, ebering_ecumenical_altar_rust, serial_shops,
          nicolae_shop_trees, minmay_increasing_density
D:3:      layout_basic, mainiacjoe_overflow_brackets
D:4:      layout_rooms, nicolae_ossuary_entry_giza

Skill      XL: |  1  2  3  4 |
---------------+-------------+-----
Conjurations   | 4 5 |  5.3
Spellcasting   | 2 |  2.8
Stealth        | 2 |  2.1
Dodging        | 2 |  2.0
Translocations | 1 |  1.1
Armour         | |  0.3

Action                   |  1- 3 |  4- 6 || total
-------------------------+-------+-------++-------
Melee: Hand axe          |     6 |       ||     6
 Cast: Magic Dart        |    53 |    19 ||    72
       Searing Ray       |    12 |    17 ||    29
  Use: Scroll            |       |     3 ||     3
Armor: Robe              |     3 |       ||     3
       Leather armour    |       |     1 ||     1
Dodge: Dodged            |    17 |     6 ||    23
